 Dungeon Crawl Stone Soup version 0.30-a0-847-g17996783a1 (webtiles) character file.

Game seed: 7396359747524793709

35441 sasquatch the Impaler (level 14, -6/108 (110) HPs)
             Began as a Formicid Fighter on Mar 3, 2023.
             Was an Elder of Makhleb.
             Mangled by a 12-headed hydra (8 damage)
             ... on level 3 of the Lair of Beasts.
             The game lasted 00:29:32 (15942 turns).

sasquatch the Impaler (Formicid Fighter)           Turns: 15942, Time: 00:29:32

HP:   -6/108 (110)  AC: 13    Str: 26    XL:     14   Next: 18%
MP:   21/21         EV: 11    Int:  8    God:    Makhleb [****..]
Gold: 1164          SH: 11    Dex: 13    Spells: 13/13 levels left

rFire   + . .      SeeInvis +    q - +0 halberd
rCold   + . .      Faith    .    c - +0 buckler
rNeg    + . .      Spirit   .    d - +3 scale mail {rN+}
rPois   +          Reflect  +    (helmet unavailable)
rElec   .          Rampage  .    E - scarf {rC+ rF+}
rCorr   .                        e - +0 pair of gloves
Will    +....                    n - +0 pair of boots Stlth
                                 v - amulet of reflection
HPRegen 0.38/turn                G - +4 ring of slaying
MPRegen 0.17/turn                F - ring of poison resistance

@: studying Fire Magic, lightly drained
A: permanent stasis, dig shafts and tunnels, antennae 3, four strong arms
a: Dig, Shaft Self, Renounce Religion, Minor Destruction, Lesser Servant of
Makhleb, Major Destruction


You were on level 3 of the Lair of Beasts.
You worshipped Makhleb.
Makhleb was greatly pleased with you.
You visited 3 branches of the dungeon, and saw 16 of its levels.
You also visited: Bailey.

You collected 1164 gold pieces.

Inventory:

Hand Weapons
 a - a +0 trident
 q - a +0 halberd (weapon)
Missiles
 f - 11 poisoned darts (quivered)
 g - 5 throwing nets
 z - 17 javelins
 K - 6 silver boomerangs
Armour
 c - a +0 buckler (worn)
 d - a +3 scale mail of positive energy (worn)
 e - a +0 pair of gloves (worn)
 n - a +0 pair of boots (worn)
 t - +0 acid dragon scales
 E - a scarf of resistance (worn)
 N - +0 gold dragon scales
Jewellery
 v - an amulet of reflection (around neck)
 x - a ring of protection from fire
 y - a ring of protection from fire
 F - a ring of poison resistance (right hand)
 G - a +4 ring of slaying (left hand)
Wands
 l - a wand of paralysis (1)
 r - a wand of flame (22)
 B - a wand of mindburst (21)
 P - a wand of digging (5)
Scrolls
 j - 4 scrolls of poison
 k - 2 scrolls of butterflies {unknown}
 s - a scroll of enchant weapon {unknown}
 u - a scroll of amnesia {unknown}
 w - 4 scrolls of immolation
 D - a scroll of blinking {unknown}
 J - 2 scrolls of enchant armour {unknown}
 M - a scroll of magic mapping
 O - 3 scrolls of identify
Potions
 b - 3 potions of cancellation
 h - 4 potions of ambrosia
 i - 4 potions of curing
 m - 3 potions of brilliance {unknown}
 o - 4 potions of heal wounds
 p - a potion of magic {unknown}
 A - 2 potions of berserk rage
 C - a potion of invisibility {unknown}
 H - 4 potions of mutation
 I - 2 potions of might
 L - 3 potions of lignification {unknown}


   Skills:
 - Level 10.0 Fighting
 + Level 16.8 Polearms
 + Level 8.1 Armour
 + Level 4.1 Dodging
 - Level 10.0 Shields
 - Level 10.0 Invocations


You had 13 spell levels left.
You didn't know any spells.
Your spell library contained the following spells:

 Spells                   Type           Power      Damage    Failure   Level
 Apportation              Tloc           0%         N/A       71%         1
 Foxfire                  Conj/Fire      0%         2x1d4     71%         1
 Freeze                   Ice            0%         1d3       71%         1
 Necrotise                Necr           0%         1d4       71%         1
 Sting                    Tmut/Pois      0%         1d3       71%         1
 Summon Small Mammal      Summ           0%         N/A       71%         1
 Cigotuvi's Dreadful Rot  Necr/Pois/Air  0%         N/A       85%         2
 Lesser Beckoning         Tloc           0%         N/A       85%         2
 Poisonous Vapours        Pois/Air       0%         N/A       85%         2
 Call Canine Familiar     Summ           0%         N/A       97%         3
 Dazzling Flash           Conj/Hex       0%         N/A       97%         3
 Gell's Gravitas          Tloc           0%         N/A       97%         3
 Kindle Blastsparks       Fire/Tloc/Air  0%         2d10      97%         3
 Mephitic Cloud           Conj/Pois/Air  0%         N/A       97%         3
 Summon Guardian Golem    Hex/Summ       0%         N/A       97%         3
 Teleport Other           Tloc           0%         N/A       97%         3
 Fulminant Prism          Conj/Hex       0%         3d5       100%        4
 Iskenderun's Mystic Bla  Conj/Tloc      0%         2d3       100%        4
 Olgreb's Toxic Radiance  Pois           0%         N/A       100%        4
 Lee's Rapid Deconstruct  Erth           0%         3d4*      100%        5
 Starburst                Conj/Fire      0%         6d3       100%        6
 Ozocubu's Refrigeration  Ice            0%         4d7       100%        7
 Ignition                 Fire           0%         3d3       100%        8


Dungeon Overview and Level Annotations

Branches:
Dungeon (12/15)            Temple (1/1) D:5            Lair (3/5) D:9
  Swamp (0/4) Lair:2        Snake (0/4) Lair:2       Bailey (visited)
    Orc: D:9-12

Altars:
Ashenzari
Cheibriados
Dithmenos
Elyvilon
Fedhas
Gozag
Hepliaklqana
Kikubaaqudgha
Makhleb
Nemelex Xobeh
Okawaru
Qazlal
Ru
Sif Muna
Trog
Uskayaw
Vehumet
Wu Jian
Xom
Yredelemnul
Zin
The Shining One

Portals:
Trove: D:11 (give 4 scrolls of fog)

Annotations:
D:10 3 runed translucent doors, Lodul; STHMFLV's ghost, journeyman NaEE


Innate Abilities, Weirdness & Mutations

You cannot be hasted, slowed, berserked, paralysed or teleported.
You can dig through walls and to a lower floor.
You have a pair of large antennae on your head. (SInv)
Your four strong arms can wield two-handed weapons with a shield.


Message History

You hack one of the ten-headed hydra's heads off!
The nine-headed hydra grows two more!
You slash the 11-headed hydra!
The 11-headed hydra is moderately wounded.
Your neqoxec barely misses the 11-headed hydra.
The 11-headed hydra barely misses you. The 11-headed hydra bites you.
You block the 11-headed hydra's attack. The 11-headed hydra bites you. x2
The 11-headed hydra bites you but does no damage. x2
The 11-headed hydra bites you! The 11-headed hydra bites you.
The 11-headed hydra bites you but does no damage.
The 11-headed hydra bites you. The blink frog misses you.
You lop one of the 11-headed hydra's heads off!
The ten-headed hydra grows two more!
You puncture the 12-headed hydra!
The 12-headed hydra is moderately wounded.
Your neqoxec completely misses the 12-headed hydra.
The blink frog closely misses you.
The 12-headed hydra bites you but does no damage.
The 12-headed hydra bites you. You block the 12-headed hydra's attack.
The 12-headed hydra bites you!
The 12-headed hydra bites you but does no damage.
The 12-headed hydra closely misses you. The 12-headed hydra bites you.
The 12-headed hydra barely misses you. The 12-headed hydra closely misses you.
The 12-headed hydra bites you!
* * * LOW HITPOINT WARNING * * *
The 12-headed hydra bites you.
* * * LOW HITPOINT WARNING * * *
The 12-headed hydra bites you!
* * * LOW HITPOINT WARNING * * *
You feel much better. You block the blink frog's attack.
Your neqoxec hits the 12-headed hydra! The 12-headed hydra bites you.
The 12-headed hydra bites you!
* * * LOW HITPOINT WARNING * * *
The 12-headed hydra closely misses you. The 12-headed hydra bites you!
* * * LOW HITPOINT WARNING * * *
The 12-headed hydra bites you but does no damage.
You block the 12-headed hydra's attack. The 12-headed hydra bites you.
* * * LOW HITPOINT WARNING * * *
You block the 12-headed hydra's attack. The 12-headed hydra bites you!
* * * LOW HITPOINT WARNING * * *
The 12-headed hydra barely misses you. The 12-headed hydra bites you!
You die...

##...^....... .
#........##.# ..
###......#### ...
#.#.......####
..P########.......##.##
. ......................
...###......##..##..#...
............##.#####....
..#....@#.###### ##...
.......FD.# #....
....$.P..3# ##...
...........# ....#
........P.... .....
.....#.P..##.# . .
......##.## ## .. .....#
## #. #.


You could see a 12-headed hydra (ally target), a blink frog and a friendly
neqoxec (summoned).

Vanquished Creatures
  Gastronok (Lair:1)
  Harold (Lair:1)
  Fannar (D:12)
  A two-headed ogre (D:10)
  6 death yaks
  Urug (D:10)
  A lindwurm (Lair:3)
  3 black mambas
  A manticore (D:11)
  The ghost of cforsyth the Covert, a novice KoBr (D:7)
  A salamander (Lair:2)
  Joseph (D:9)
  2 cane toads
  2 gargoyles
  A smoke demon (D:10)
  A torpor snail (Lair:2)
  3 komodo dragons
  Maggie (D:9)
  A polar bear (Lair:3)
  Prince Ribbit (D:9)
  A hornet (D:8)
  6 blink frogs (Lair:3)
  7 slime creatures (D:12)
  17 yaks
  A wraith (D:12)
  A shadow (D:12)
  A steam dragon (D:8)
  Edmund (D:5)
  An acid dragon (D:10)
  9 water moccasins
  A swamp drake (Lair:2)
  4 sky beasts
  15 orc warriors
  A black bear (D:7)
  11 ogres
  3 wolves (Lair:2)
  2 centaurs
  3 phantoms
  9 bullfrogs
  2 scorpions (D:7)
  A gnoll sergeant (D:9)
  5 wights
  6 howler monkeys
  A lava snake (Lair:2)
  2 jellies
  5 orc priests
  4 hounds
  10 orc wizards
  A sleepcap (D:6)
  5 iguanas
  6 hell rats (Lair:3)
  17 gnolls
  12 adders
  A shadow imp (D:6)
  4 white imps
  2 worms (D:5)
  3 dart slugs
  37 orcs
  4 endoplasms
  4 giant cockroaches
  14 goblins
  9 hobgoblins
  4 jackals (D:1)
  A kobold (D:1)
  6 quokkas
  8 ball pythons
  5 bats
  2 frilled lizards (D:1)
  2 rats (D:1)
308 creatures vanquished.

Vanquished Creatures (collateral kills)
  A hydra (Lair:2)
  A death yak (D:9)
  A skyshark (Lair:2)
  A yak (D:12)
  A basilisk (Lair:2)
  An orc warrior (D:12)
  2 lava snakes (Lair:2)
  An orc wizard (D:12)
9 creatures vanquished.

Vanquished Creatures (others)
  An orc (D:9)
  7 fungi
  14 plants
22 creatures vanquished.

Grand Total: 339 creatures vanquished

Notes
Turn   | Place    | Note
-------+----------+-------------------------------------------
     0 | D:1      | sasquatch the Formicid Fighter began the quest for the Orb.
     0 | D:1      | Reached XP level 1. HP: 18/18 MP: 1/1
   214 | D:1      | Reached XP level 2. HP: 23/24 MP: 2/2
   355 | D:1      | Found a faded altar of an unknown god.
   627 | D:1      | Reached XP level 3. HP: 23/29 MP: 3/3
   630 | D:1      | Reached skill level 3 in Polearms
  1285 | D:2      | Reached XP level 4. HP: 34/35 MP: 4/4
  1367 | D:2      | Reached skill level 5 in Shields
  1430 | D:2      | Reached skill level 4 in Polearms
  1462 | D:2      | Reached XP level 5. HP: 41/41 MP: 5/5
  1902 | D:3      | Noticed an ogre
  1909 | D:3      | Killed an ogre
  1910 | D:3      | Reached XP level 6. HP: 47/47 MP: 6/6
  1989 | D:3      | Reached skill level 5 in Polearms
  2985 | D:4      | Reached XP level 7. HP: 52/52 MP: 7/7
  3280 | D:5      | Entered Level 5 of the Dungeon
  3315 | D:5      | Reached skill level 6 in Polearms
  3769 | D:5      | Noticed Edmund
  3779 | D:5      | You fall into a shaft and drop 1 floor!
  4056 | D:5      | Found a staircase to the Ecumenical Temple.
  4074 | D:5      | Noticed a water moccasin
  4076 | Temple   | Entered the Ecumenical Temple
  4260 | Temple   | Became a worshipper of Makhleb the Destroyer
  4312 | Temple   | Killed a water moccasin
  4345 | D:5      | Reached skill level 7 in Polearms
  4345 | D:5      | Reached XP level 8. HP: 57/58 MP: 8/8
  4382 | D:5      | Killed Edmund
  4844 | D:6      | You fall into a shaft and drop 2 floors!
  5112 | D:7      | Reached skill level 8 in Polearms
  5255 | D:7      | You fall into a shaft and drop 1 floor!
  5414 | D:8      | Reached XP level 9. HP: 55/64 MP: 9/9
  5668 | D:6      | Found a blossoming altar of Fedhas.
  5703 | D:6      | Found a hazy altar of Hepliaklqana.
  5724 | D:6      | Reached skill level 9 in Polearms
  6042 | D:6      | Reached * piety under Makhleb
  6234 | D:6      | Reached skill level 10 in Polearms
  6581 | D:6      | Reached skill level 10 in Shields
  6738 | D:6      | Found a shimmering blue altar of Sif Muna.
  6779 | D:6      | Got Sif Muna's Secrets of Hail
  6781 | D:6      | Got Sif Muna's Thoughts on the Pyromaniac
  7109 | D:7      | Reached skill level 11 in Polearms
  7146 | D:7      | Found a runed translucent door.
  7147 | D:7      | Noticed cforsyth's ghost (novice KoBr)
  7271 | D:7      | Reached XP level 10. HP: 62/70 MP: 10/10
  7342 | D:7      | Reached skill level 12 in Polearms
  7627 | D:7      | Killed cforsyth's ghost
  7786 | D:8      | Reached skill level 13 in Polearms
  7809 | D:8      | Found a glowing golden altar of the Shining One.
  8065 | D:8      | Found an opulent altar of Gozag.
  8295 | D:9      | Noticed a death yak
  8295 | D:9      | Noticed a death yak
  8355 | D:9      | Noticed Maggie
  8392 | D:9      | Killed Maggie
  8394 | D:9      | Reached ** piety under Makhleb
  8539 | D:9      | Noticed Prince Ribbit
  8551 | D:9      | Killed Prince Ribbit
  8601 | D:9      | Found a flagged portal.
  8606 | Bailey   | Entered a bailey
  9031 | Bailey   | Reached XP level 11. HP: 69/76 MP: 11/11
  9169 | Bailey   | Reached skill level 14 in Polearms
  9375 | Bailey   | Noticed an orc warlord
  9467 | Bailey   | Reached *** piety under Makhleb
  9548 | D:9      | Found a staircase to the Lair.
  9576 | D:9      | Noticed a death yak
  9714 | D:9      | Noticed Joseph
  9744 | D:9      | Killed Joseph
  9745 | D:9      | Reached skill level 1 in Invocations
  9908 | D:9      | Reached skill level 5 in Fighting
 10064 | D:9      | Killed a death yak
 10145 | D:9      | Noticed a death yak
 10178 | D:9      | Killed a death yak
 10318 | D:9      | Noticed a death yak
 10347 | D:9      | Killed a death yak
 10761 | D:10     | Entered Level 10 of the Dungeon
 11158 | D:10     | Reached skill level 15 in Polearms
 11179 | D:10     | You fall into a shaft and drop 2 floors!
 11338 | D:12     | Reached skill level 5 in Armour
 11338 | D:12     | Reached XP level 12. HP: 91/91 MP: 14/16
 11421 | D:12     | Noticed Fannar
 11444 | D:12     | Killed Fannar
 11445 | D:12     | Reached skill level 16 in Polearms
 11467 | D:12     | Reached XP level 13. HP: 59/98 MP: 18/18
 12138 | D:11     | Found a portal to a secret trove of treasure.
 12204 | D:10     | Found a runed translucent gate.
 12204 | D:10     | Found a runed translucent gate.
 12204 | D:10     | Found a runed translucent gate.
 12205 | D:10     | Noticed STHMFLV's ghost (journeyman NaEE)
 12225 | D:10     | Noticed Urug
 12242 | D:10     | Killed Urug
 12340 | D:10     | HP: 2/101 [two-headed ogre/+0 giant club (17)]
 12744 | D:10     | Noticed Lodul
 12888 | D:10     | Reached skill level 10 in Fighting
 13042 | Lair:1   | Entered Level 1 of the Lair of Beasts
 13104 | Lair:1   | Reached skill level 10 in Invocations
 13255 | Lair:1   | Noticed Gastronok
 13295 | Lair:1   | Killed Gastronok
 13467 | Lair:1   | Noticed Harold
 13485 | Lair:1   | Killed Harold
 13490 | Lair:1   | Reached skill level 1 in Dodging
 13731 | Lair:1   | HP: 4/103 [komodo dragon (26)]
 14259 | Lair:2   | Noticed an eight-headed hydra
 14268 | Lair:2   | Killed an 11-headed hydra
 14917 | Lair:2   | Found a staircase to the Swamp.
 14993 | Lair:2   | Found a staircase to the Snake Pit.
 15425 | Lair:2   | Reached XP level 14. HP: 110/110 MP: 21/21
 15742 | Lair:3   | Reached **** piety under Makhleb
 15942 | Lair:3   | HP: 2/108 [12-headed hydra (9)]
 15942 | Lair:3   | Mangled by a 12-headed hydra

Illustrated notes

Levels and vault maps discovered:
D:1:      psy_arrival_heroes, layout_loops_corners, serial_forest,
          infiniplex_forest_straight_2, infiniplex_forest_clump_curved,
          infiniplex_forest_straight_4, infiniplex_forest_straight_5,
          infiniplex_forest_lined_2, infiniplex_forest_lined_4_way,
          infiniplex_forest_straight_1, hellmonk_ecumenical_altar_zigzags
D:2:      layout_rooms, chequers_serial_rivers_large_b, kennysheep_small_spiral
D:3:      layout_basic
D:4:      layout_basic, kennysheep_minor_cross, minivault_27
D:5:      layout_basic, minmay_temple_entry_overgrown, uniq_edmund
D:6:      minmay_diamond_boxcup, layout_loops_ring,
          nicolae_sif_muna_little_library, grunt_temple_overflow_open,
          minmay_misc_feat_hallway
D:7:      layout_rooms, ebering_ghost_reflecting_pool, kennysheep_small_square
D:8:      layout_loops_cross, mainiacjoe_overflow_alcove_4,
          nicolae_gozag_cash_rules_everything_around_me
D:9:      layout_rooms, dpeg_lair_monsters, enter_bailey_2, uniq_maggie,
          uniq_prince_ribbit1, uniq_joseph
D:10:     minmay_firetagon, layout_irregular_city, gammafunk_ghost_necromancy,
          uniq_urug, uniq_lodul
D:11:     layout_cave_pools, minmay_orc_entry_guard_dogs,
          nicolae_trove_entry_free_sample, minmay_misc_feat_ornament
D:12:     layout_loops_ring, uniq_fannar
Temple:   bh_familiar_temple
Lair:1:   layout_cave_pods, grunt_megastairs_5, uniq_gastronok, uniq_harold
Lair:2:   layout_roguey, minmay_swamp_entry_reptiles,
          nicolae_snake_entry_warm_welcome, hibernation_bobbens,
          grunt_megastairs_3
Lair:3:   layout_chaotic_city

Skill      XL: |  1  2  3  4  5  6  7  8  9 10 11 12 13 14 |
---------------+-------------------------------------------+-----
Polearms       | 3 4 5 7 8 11 13 15 16 | 16.8
Shields        | 5 6 7 8 10 | 10.0
Fighting       | 7 8 10 | 10.0
Invocations    | 6 7 10 | 10.0
Armour         | 5 7 8 |  8.1
Dodging        | 3 4 |  4.1

Action                     |  1- 3 |  4- 6 |  7- 9 | 10-12 | 13-15 || total
---------------------------+-------+-------+-------+-------+-------++-------
  Melee: Trident           |    96 |   136 |   426 |   583 |       ||  1241
         Halberd           |       |       |       |    43 |   401 ||   444
  Throw: Dart              |       |    14 |    31 |    11 |       ||    56
 Invoke: Lesser Servant of |       |       |       |     2 |    14 ||    16
         Minor Destruction |       |       |       |       |     3 ||     3
Ability: Dig               |       |     1 |     1 |       |     1 ||     3
         Shaft Self        |       |       |     3 |       |       ||     3
  Evoke: Wand              |       |       |       |     5 |       ||     5
    Use: Potion            |       |       |     2 |     2 |     3 ||     7
         Scroll            |       |       |       |    12 |       ||    12
   Stab: Distracted        |       |       |       |     1 |     1 ||     2
 Armour: Scale mail        |    41 |    40 |   131 |   114 |    79 ||   405
  Dodge: Dodged            |    36 |    54 |   104 |    88 |    88 ||   370
  Block: Buckler           |    23 |    27 |    57 |   186 |   129 ||   422
         Reflection        |       |       |       |     6 |     8 ||    14

Table legend: (Time is in decaauts)
 A = Elapsed time spent in this place.
 B = Non-inter-level travel time spent in this place.
 C = Inter-level travel time spent in this place.
 D = Time resting spent in this place.
 E = Time spent auto-exploring this place.
 F = Levels seen in this place.
 G = Mean time per level.
                   A        B        C        D        E       F      G
               +--------+--------+--------+--------+--------+-----+--------+
         Total |  15647 |  15001 |    646 |   1444 |  10138 |  17 |  920.4 |
       Dungeon |  11770 |  11251 |    519 |   1145 |   7673 |  12 |  980.8 |
        Temple |    252 |    192 |     60 |     16 |    152 |   1 |  252.0 |
          Lair |   2820 |   2753 |     67 |      8 |   2269 |   3 |  940.0 |
        Bailey |    804 |    804 |      0 |    275 |     44 |   1 |  804.0 |
               +--------+--------+--------+--------+--------+-----+--------+

Top non-repeatable levels by time:
     D:9: 1819 daAuts
     D:6: 1488 daAuts
  Lair:2: 1246 daAuts
     D:1: 1198 daAuts
     D:8: 1189 daAuts
  Lair:1: 1135 daAuts
     D:7: 1102 daAuts
     D:5: 1088 daAuts
    D:12: 848 daAuts
     D:4: 818 daAuts
  Bailey: 804 daAuts
     D:2: 773 daAuts
    D:10: 748 daAuts
     D:3: 568 daAuts
  Lair:3: 438 daAuts
